AoeStats
← cegirke

Scandinavia

510355079Analyzed
1v1 RM · 18h ago on Sep 30, 2026· 29m 19s· 2 players
Game mode
Random Map
Map size
Tiny (2 player)
Population
200
Speed
Normal
Resources
Standard
Victory
Conquest
Starting age
Dark Age
Ending age
Imperial Age
RankedLock teamsTeams togetherTeam positionsShared explorationLock speedFull tech treeHidden civsTurbo modeCheats
Victory
Defeat
🇹🇷 Aztecs · Türkiye
1130
+18
🇳🇱 Spanish · Netherlands
1101
-15
cegirke
7:47 Loom
10:44 Feudal Age
11:13 Double-Bit Axe
18:12 Horse Collar
20:50 Castle Age
20:23 Forging
21:38 Scale Mail Armor
23:24 Chain Mail Armor
22:32 Eagle Warrior
27:41 Imperial Age
26:38 Iron Casting
27:07 Gold Mining
r-b1999
12:19 Feudal Age
10:58 Loom
17:13 Castle Age
15:45 Forging
15:38 Padded Archer Armor
16:20 Double-Bit Axe
16:34 Fletching
21:42 Horse Collar
23:59 Wheelbarrow
23:10 Town Watch
23:04 Elite Skirmisher
24:13 Stone Mining
24:14 Gold Mining
25:50 Stone Shaft Mining
26:24 Bodkin Arrow
26:45 Leather Archer Armor
Connection lost

Rejoining the realm…

Still unreachable

The connection could not be restored.

Session expired

The server has moved on; the page needs a fresh start.